 Dungeon Crawl Stone Soup version 0.26-a0-259-g1effd001a9 (webtiles) character file.

Game seed: 3567759585090065018

35 Apogee the Caller (level 3, -3/19 HPs)
             Began as a Tengu Summoner on July 17, 2020.
             Killed from afar by Ijyb (9 damage)
             ... with a puff of flame
             ... on level 3 of the Dungeon.
             The game lasted 00:05:06 (2180 turns).

Apogee the Caller (Tengu Summoner)                  Turns: 2180, Time: 00:05:06

Health: -3/19      AC:  2    Str:  8    XL:     3   Next: 35%
Magic:  1/8        EV: 12    Int: 16    God:
Gold:   85         SH:  0    Dex: 14    Spells: 4/7 levels left

rFire    . . .     SeeInvis .   d - +1 dagger
rCold    . . .     Faith    .   (no shield)
rNeg     . . .     Spirit   .   a - +0 robe
rPois    .         Reflect  .   (helmet restricted)
rElec    .         Harm     .   (no cloak)
rCorr    .                      (no gloves)
MR       .....                  (boots unavailable)
Stlth    ++........             (no amulet)
HPRegen  0.06/turn              (no ring)
MPRegen  0.11/turn              (no ring)

@: no status effects
A: beak, talons 3
a: no special abilities


You were on level 3 of the Dungeon.
You were not hungry.

You visited 1 branch of the dungeon, and saw 3 of its levels.

You collected 85 gold pieces.

Inventory:

Hand Weapons
 d - a +1 dagger (weapon)
Armour
 a - a +0 robe (worn)
Scrolls
 f - 4 scrolls of remove curse
 g - 6 scrolls of identify
 h - a scroll of teleportation
Potions
 b - a potion of flight
Comestibles
 c - 15 rations


   Skills:
 - Level 2.1 Dodging
 - Level 2.0 Stealth
 + Level 2.7 Spellcasting
 + Level 5.6 Summonings


You had 4 spell levels left.
You knew the following spells:

 Your Spells              Type           Power        Failure   Level
a - Summon Small Mammal   Summ           ###.         1%          1
b - Call Imp              Summ           ###.....     3%          2

Your spell library contained the following spells:

 Spells                   Type           Power        Failure   Level
 Call Canine Familiar     Summ           ###.....     6%          3
 Summon Guardian Golem    Hex/Summ       ##......     19%         3
 Summon Ice Beast         Ice/Summ       ##......     52%         4
 Summon Lightning Spire   Summ/Air       ##......     52%         4


Dungeon Overview and Level Annotations

Branches:
Dungeon (3/15)

Altars:

Annotations:
D:2 1 runed translucent door, Crazy Yiuf
D:3 Ijyb


Innate Abilities, Weirdness & Mutations

You have a beak for a mouth.
You have claws for feet.


Message History

Your crimson imp closely misses Ijyb.
What are your orders? t - Shout!
Orders for allies: a - Attack new target. p - Attack previous target. r - Retreat! s - Stop attacking. g - Guard the area. f - Follow me.
Anything else - Cancel.
Gang up on whom?
Press: ? - help, Dir - move target cursor, f/p - Ijyb
Aim: Ijyb, wielding a +5 dagger of flaming, wearing a +0 ring mail and carrying a wand of flame (3) Attack!
Ijyb hits your crimson imp with a +5 dagger of flaming!
Your crimson imp dies!
Your shadow imp gestures at Ijyb.
Ijyb barely resists.
Your crimson imp disappears in a puff of smoke!
Your crimson imp blinks!
Your shadow imp hits Ijyb.
Ijyb zaps a wand.
The puff of flame hits you!
You die...

.........######...#.
..........####....#
#. #..........†......
..##........#........
$....................
#........[.....#.....
#............#.#.....
##....§......#...#...
.......5..@..........
.....%.g......[.##..#
.§..............# .
.......#........#
................#
..(....########.#
....... .# ...(... #
#......


You could see Ijyb and a friendly shadow imp (summoned).

Vanquished Creatures
  A worm (D:3)
  3 giant cockroaches
  A hobgoblin (D:2)
  A bat (D:1)
  2 kobolds
  3 rats
11 creatures vanquished.

Vanquished Creatures (collateral kills)
  An adder (D:2)
  2 worms (D:2)
  2 leopard geckos
  3 bats (D:1)
  2 giant cockroaches
  7 goblins
  2 hobgoblins
  A kobold (D:1)
  A rat (D:2)
21 creatures vanquished.

Grand Total: 32 creatures vanquished

Notes
Turn   | Place    | Note
-------+----------+-------------------------------------------
     0 | D:1      | Apogee the Tengu Summoner began the quest for the Orb.
     0 | D:1      | Reached XP level 1. HP: 10/10 MP: 4/4
   181 | D:1      | Reached skill level 5 in Summonings
   480 | D:1      | Reached XP level 2. HP: 15/15 MP: 3/6
   911 | D:1      | Learned a level 2 spell: Call Imp
  1318 | D:2      | Reached XP level 3. HP: 9/19 MP: 1/7
  1752 | D:2      | Found a runed translucent door.
  1753 | D:2      | Noticed Crazy Yiuf
  1998 | D:3      | Found a faded altar of an unknown god.
  2167 | D:3      | Noticed Ijyb
  2180 | D:3      | Killed from afar by Ijyb

Illustrated notes

Levels and vault maps discovered:
D:1:      dpeg_arrival_more_subterranean_lakeside_camping, layout_basic
D:2:      layout_rooms, corexii_item_surrounded_by_moat, uniq_crazy_yiuf_cottage
D:3:      layout_rooms, first_ration, chequers_ecumenical_altar_simple,
          uniq_natasha, uniq_ijyb

Skill      XL: |  1 |
---------------+----+-----
Summonings     | 5 |  5.6
Dodging        | |  2.1
Stealth        | |  2.0
Spellcasting   | |  2.7

Action                   || total
-------------------------++-------
Melee: Dagger            ||    36
       Kick              ||     7
       Peck              ||     3
 Cast: Summon Small Mamm ||    31
       Call Imp          ||    18
  Use: Scroll            ||     6
       Potion            ||     3
 Stab: Sleeping          ||     2
  Eat: Ration            ||     1
Armor: Robe              ||     2
Dodge: Dodged            ||    22

Table legend:
 A = Non-vault XP
 B = Vault XP
 C = Vault XP percentage of total XP
 D = Non-vault monster count
 E = Vault monster count
 F = Vault count percentage of total count
                 A         B        C        D         E       F
            +---------+---------+-------+---------+---------+-------
      Total |      51 |       0 |   0.0 |      32 |       0 |   0.0
            +---------+---------+-------+---------+---------+-------
        D:1 |      17 |       0 |   0.0 |      15 |       0 |   0.0
        D:2 |      27 |       0 |   0.0 |      14 |       0 |   0.0
        D:3 |       7 |       0 |   0.0 |       3 |       0 |   0.0
            +---------+---------+-------+---------+---------+-------
